 Dungeon Crawl Stone Soup version 0.20-b1-2-gc5a9893 (webtiles) character file.

3817 wyrdjoy the Covert (level 9, -5/41 HPs)
             Began as a Spriggan Enchanter on May 21, 2017.
             Was a Believer of Nemelex Xobeh.
             Slain by a black mamba (13 damage)
             ... on level 1 of the Lair of Beasts on May 22, 2017.
             The game lasted 00:39:13 (9399 turns).

wyrdjoy the Covert (Spriggan Enchanter)             Turns: 9399, Time: 00:39:14

Health: -5/41      AC:  4    Str:  6    XL:     9   Next: 97%
Magic:  0/25       EV: 17    Int: 22    God:    Nemelex Xobeh [**....]
Gold:   498        SH:  0    Dex: 17    Spells: 7/13 levels left

rFire    . . .     SeeInvis +   a - +1 dagger
rCold    . . .     Gourm    .   (shield restricted)
rNeg     . . .     Faith    .   v - +0 troll leather armour {Purgy}
rPois    +         Spirit   +   (helmet restricted)
rElec    .         Reflect  .   (no cloak)
rCorr    .         Harm     .   (gloves unavailable)
MR       +....                  (boots unavailable)
Stlth    ++++++....             h - amulet of guardian spirit
Regen    0.6/turn               y - ring of magical power
MPRegen  0.2/turn               s - ring of poison resistance

@: brilliant, flying, very quick
A: unfitting armour, see invisible, herbivore 3, speed 3, slow metabolism 2
a: Renounce Religion


You were on level 1 of the Lair of Beasts.
You worshipped Nemelex Xobeh.
Nemelex Xobeh was pleased with you.
You were not hungry.

You visited 2 branches of the dungeon, and saw 10 of its levels.

You collected 498 gold pieces.

Inventory:

Hand Weapons
 a - a +1 dagger (weapon)
 L - a +2 short sword of venom
 M - a +2 short sword of freezing
Armour
 q - a +1 robe of cold resistance
 v - a +0 troll leather armour (worn) {Purgy}
Jewellery
 f - an uncursed ring of protection from magic
 h - an amulet of guardian spirit (around neck)
 s - a ring of poison resistance (right hand)
 t - an uncursed ring of protection from cold
 y - a ring of magical power (left hand)
 H - an uncursed amulet of the gourmand
Wands
 b - a wand of enslavement (12/24)
 w - a wand of digging (12/24)
Scrolls
 e - 2 scrolls of recharging {unknown}
 g - 6 scrolls of teleportation
 j - 5 scrolls of remove curse
 m - 2 scrolls of amnesia {unknown}
 o - 2 scrolls of enchant armour {unknown}
 p - 6 scrolls of identify
 u - a scroll of enchant weapon {unknown}
 A - a scroll of magic mapping {unknown}
 B - 3 scrolls of blinking {unknown}
 G - a scroll of fog {unknown}
 I - a scroll of immolation {unknown}
Potions
 i - a potion of cancellation
 k - 2 potions of haste
 l - 5 potions of curing
 n - a potion of flight
 r - 3 potions of degeneration
 x - a potion of brilliance
 z - a potion of invisibility {unknown}
 E - a potion of heal wounds {unknown}
 F - 2 potions of agility
 K - 2 potions of might {unknown}
Books
 c - a book of Maledictions

   Spells                             Type                      Level
   a - Corona                         Hexes                        1
   b - Ensorcelled Hibernation        Hexes/Ice                    2
   c - Confuse                        Hexes                        3
   d - Tukima's Dance                 Hexes                        3
   e - Dazzling Spray                 Conjuration/Hexes            3
Miscellaneous
 C - a plain deck of destruction
 N - an ornate deck of escape {drawn: 1}
Comestibles
 d - a bread ration
 D - 6 fruits
 J - 10 royal jellies


   Skills:
 - Level 1.0 Fighting
 + Level 9.0 Short Blades
 - Level 3.0 Dodging
 + Level 14.0 Stealth
 - Level 2.6 Spellcasting
 - Level 4.4 Hexes
 - Level 1.8 Ice Magic
 + Level 8.5 Evocations


You had 7 spell levels left.
You knew the following spells:

 Your Spells              Type           Power        Failure   Level  Hunger
a - Corona                Hex            #####..      1%          1    None
b - Ensorcelled Hibernat  Hex/Ice        ####..       1%          2    ##.....
c - Tukima's Dance        Hex            #####...     1%          3    ###....


Dungeon Overview and Level Annotations

Branches:
Dungeon (9/15)             Temple (0/1) D:7            Lair (1/6) D:8
    Orc: D:9-12

Altars:
Cheibriados
Fedhas
Nemelex Xobeh
Sif Muna
The Shining One


Innate Abilities, Weirdness & Mutations

You are very small and have problems with some larger weapons.
You are too small for most types of armour.
You have supernaturally acute eyesight. (SInv)
You are a herbivore.
You cover ground extremely quickly.
You need consume almost no food.


Message History

You reach down and open the door.
A black mamba comes into view.
There is an open door here.
You reach down and close the door.
The black mamba hisses angrily.
The black mamba barely misses you.
The black mamba bites you but does no damage.
You hit the black mamba but do no damage.
The black mamba misses you. The black mamba completely misses you.
Found a stone staircase leading down.
A bullfrog comes into view.
The black mamba bites you!
* * * LOW HITPOINT WARNING * * *
The black mamba barely misses you.
Found a stone staircase leading down.
There is a stone staircase leading down here.
The black mamba bites you!
You die...
Your body disappears without a glow.

.# ##.......... ##.##
#........... #.. ##...##
...........
#..#......##...........
#... .......###........
#....#........#........
#..#..#...##....#.......
#....@......#..#...F..
#...8S..8......#$P.F.F
#.....>........+.#####
#...8...8......###
............#...#
.....##...#.....## #....
#.#......##
.###..........#......
###......#....F.#.


You could see a black mamba.

Vanquished Creatures
  An ugly thing (D:8)
  Sigmund (D:2)
  3 wargs (D:8)
  A sky beast (D:5)
  2 ice beasts (D:8)
  2 black bears
  A phantom (D:8)
  Purgy (D:4)
  2 centaurs
  An ogre (D:4)
  A big kobold (D:8)
  7 bullfrogs
  A water moccasin skeleton (D:7)
  3 scorpions
  A wight (D:9)
  2 bullfrog skeletons
  2 bullfrog zombies
  5 jellies
  2 hounds (D:8)
  3 orc priests
  10 orc wizards
  3 centaur skeletons
  An iguana (D:7)
  Terence (D:3)
  8 worker ants
  A hound skeleton (D:8)
  A worker ant zombie (D:5)
  9 adders
  2 shadow imps
  8 oozes
  2 worms (D:2)
  2 leopard geckos
  22 orcs
  5 bats
  2 giant cockroaches (D:2)
  10 goblins
  7 hobgoblins
  17 jackals
  8 quokkas
  3 frilled lizards
  9 kobolds
  A quokka skeleton (D:4)
  3 rats
177 creatures vanquished.

Vanquished Creatures (others)
  2 dancing weapons
  2 plants
4 creatures vanquished.

Grand Total: 181 creatures vanquished

Notes
Turn   | Place    | Note
-------+----------+-------------------------------------------
     0 | D:1      | wyrdjoy the Spriggan Enchanter began the quest for the Orb.
     0 | D:1      | Reached XP level 1. HP: 9/9 MP: 5/5
   287 | D:1      | Reached skill level 5 in Stealth
   706 | D:1      | Reached XP level 2. HP: 13/13 MP: 6/6
   710 | D:1      | Learned a level 2 spell: Ensorcelled Hibernation
  1380 | D:2      | Reached XP level 3. HP: 16/16 MP: 5/8
  1451 | D:2      | Reached skill level 6 in Stealth
  1648 | D:2      | Reached XP level 4. HP: 21/21 MP: 0/9
  1997 | D:2      | Noticed Sigmund
  2294 | D:2      | Reached skill level 7 in Stealth
  2624 | D:2      | Killed Sigmund
  2624 | D:2      | Reached skill level 1 in Fighting
  2624 | D:2      | Reached skill level 8 in Stealth
  2624 | D:2      | Reached skill level 1 in Ice Magic
  2624 | D:2      | Reached XP level 5. HP: 25/25 MP: 0/10
  2811 | D:3      | Noticed Terence
  2843 | D:3      | Killed Terence
  2843 | D:3      | Reached XP level 6. HP: 30/30 MP: 6/11
  2954 | D:3      | Learned a level 3 spell: Tukima's Dance
  2976 | D:3      | Found a blossoming altar of Fedhas.
  3568 | D:4      | Noticed Purgy
  3571 | D:4      | Killed Purgy
  3571 | D:4      | Reached skill level 9 in Stealth
  3871 | D:4      | Reached XP level 7. HP: 21/33 MP: 5/12
  3973 | D:4      | Reached skill level 10 in Stealth
  4017 | D:4      | Found a deep blue altar of Sif Muna.
  4476 | D:4      | Reached skill level 5 in Short Blades
  4696 | D:5      | Entered Level 5 of the Dungeon
  4750 | D:5      | Found a sparkling altar of Nemelex Xobeh.
  4813 | D:5      | Became a worshipper of Nemelex Xobeh the Trickster
  4841 | D:5      | Received a gift from Nemelex Xobeh
  4941 | D:5      | Reached skill level 1 in Evocations
  5203 | D:5      | Reached XP level 8. HP: 37/37 MP: 13/13
  5484 | D:6      | Reached skill level 11 in Stealth
  6361 | D:6      | Reached skill level 5 in Evocations
  6519 | D:7      | Reached skill level 12 in Stealth
  6559 | D:7      | Reached * piety under Nemelex Xobeh
  6779 | D:7      | Found a staircase to the Ecumenical Temple.
  7545 | D:7      | Reached ** piety under Nemelex Xobeh
  7685 | D:8      | Reached XP level 9. HP: 41/41 MP: 14/14
  7705 | D:8      | Found a flagged portal.
  7723 | D:8      | Found a staircase to the Lair.
  8068 | D:8      | Reached skill level 13 in Stealth
  8606 | D:8      | Found a snail-covered altar of Cheibriados.
  8674 | D:8      | Noticed a cyan ugly thing
  8677 | D:8      | Killed a cyan ugly thing
  8945 | D:8      | Found a glowing golden altar of the Shining One.
  9121 | D:9      | Received a gift from Nemelex Xobeh
  9179 | D:8      | Reached skill level 14 in Stealth
  9240 | Lair:1   | Entered Level 1 of the Lair of Beasts
  9382 | Lair:1   | Noticed a black mamba
  9399 | Lair:1   | Slain by a black mamba

Skill      XL: |  1  2  3  4  5  6  7  8  9 |
---------------+----------------------------+-----
Stealth        | 5 6 8 9 10 12 14 | 14.0
Short Blades   | 2 4 5 7 9 |  9.0
Fighting       | 1 |  1.0
Ice Magic      | 1 |  1.8
Hexes          | 4 |  4.4
Evocations     | 2 5 8 |  8.5
Dodging        | |  3.0
Spellcasting   | |  2.6

Action                   |  1- 3 |  4- 6 |  7- 9 || total
-------------------------+-------+-------+-------++-------
Melee: Dagger            |   134 |   163 |   855 ||  1152
 Cast: Corona            |     8 |       |     6 ||    14
       Ensorcelled Hiber |    11 |    31 |    72 ||   114
       Tukima's Dance    |       |       |     2 ||     2
Evoke: Deck              |       |       |     1 ||     1
  Use: Potion            |       |       |     5 ||     5
       Scroll            |       |       |     4 ||     4
 Stab: Sleeping          |    18 |    25 |    58 ||   101
       Distracted        |     1 |       |     1 ||     2
  Eat: Royal jelly       |       |     1 |     1 ||     2
       Fruit             |       |       |     5 ||     5
       Bread ration      |       |       |     1 ||     1
Armor: Robe              |     5 |    13 |       ||    18
       Troll leather arm |       |     8 |    78 ||    86
Dodge: Dodged            |    76 |   115 |   426 ||   617
